 Dungeon Crawl Stone Soup version 0.19.0-19-g8c6edcc (console) character file.

12846 Gottschkopf the Blocker (level 11, -3/108 HPs)
             Began as a Minotaur Fighter on Nov 14, 2016.
             Was an Elder of Ashenzari.
             Killed by divine providence
             ... invoked by a meliai
              (15 damage)
             ... on level 12 of the Dungeon.
             The game lasted 00:46:13 (13581 turns).

Gottschkopf the Blocker (Minotaur Fighter)         Turns: 13581, Time: 00:46:13

Health: -3/108     AC: 16    Str: 27    XL:     11   Next: 67%
Magic:  10/10      EV: 12    Int:  5    God:    Ashenzari [****..]
Gold:   539        SH: 14    Dex: 11    Spells: 0 memorised, 10 levels left

rFire  . . .     SeeInvis +     y - +2 short sword (protect) (curse)
rCold  + . .     Gourm    .     g - +0 plate armour (curse)
rNeg   . . .     Faith    +     c - +0 shield (curse)
rPois  .         Spirit   .     (helmet restricted)
rElec  +         Reflect  .     u - +1 cloak (curse)
rCorr  .         Harm     .     (no gloves)
MR     .....     Clarity  +     (no boots)
Stlth  ..........               Z - amulet of faith
                                M - +2 ring of protection (curse)
                                U - ring "Reanur" {rElec Str+2}

@: lethally poisoned (-3 -> -8), studying Fighting
A: retaliatory headbutt, horns 2, repulsion field 1, rugged brown scales 1,
agile 1, blurry vision 1, cold resistance 1, deformed body, screaming 1,
evolution 1, MP-powered wands
a: Curse Item, Scrying, Renounce Religion


You were on level 12 of the Dungeon.
You worshipped Ashenzari.
Ashenzari was greatly pleased with you.
You were not hungry.

You visited 2 branches of the dungeon, and saw 13 of its levels.
You also visited: Labyrinth and Bailey.

You collected 610 gold pieces.
You spent 71 gold pieces at shops.

Inventory:

Hand Weapons
 x - the cursed +2 long sword "Urchumaje" {flame, rElec rN+ Int+4 Stlth+}
   (You found it in a labyrinth)

   It has been specially enchanted to burn those struck by it, causing extra
   injury to most foes and up to half again as much damage against particularly
   susceptible opponents.
   Big, fiery blades are also staple armaments of hydra-hunters.
   It affects your intelligence (+4).
   It insulates you from electricity.
   It protects you from negative energy.
   It makes you more stealthy.
   It has a curse placed upon it.
 y - a cursed +2 short sword of protection (weapon)
Armour
 b - a +2 cloak
 c - a cursed +0 shield (worn)
 g - a cursed +0 plate armour (worn)
 u - a cursed +1 cloak (worn)
 K - a +3 chain mail of cold resistance
Rods
 L - a +0 rod of inaccuracy (9/9)
   (You took it off a centaur on level 7 of the Dungeon)
Jewellery
 v - the ring of Hedonism {*Corrode +Blink rPois rC+ Stlth+}
   (You found it in a labyrinth)

   [ring of protection from cold]

   It protects you from cold.
   It protects you from poison.
   It lets you blink.
   It may corrode you when you take damage.
   It makes you more stealthy.
 C - an uncursed ring of poison resistance
 E - the amulet of the Air {Inacc +Fly rElec EV+5 RMsl}
   (You found it in a labyrinth)

   [amulet of inaccuracy]

   It reduces the accuracy of all your attacks.
   It affects your evasion (+5).
   It insulates you from electricity.
   It lets you fly.
   It protects you from missiles.
 G - an uncursed ring of see invisible
 M - a cursed +2 ring of protection (right hand)
 Q - an uncursed ring of protection from cold
 U - the ring "Reanur" (left hand) {rElec Str+2}
   (You found it on level 9 of the Dungeon)

   [ring of strength]

   It affects your strength (+2).
   It insulates you from electricity.
 Z - an amulet of faith (around neck)
Wands
 m - a wand of hasting (8/9)
 D - a wand of polymorph (16/24)
 T - a wand of disintegration (8/24)
Scrolls
 a - a scroll of holy word {unknown}
 h - a scroll of vulnerability {unknown}
 l - 2 scrolls of magic mapping {unknown}
 p - 2 scrolls of immolation {unknown}
 r - 5 scrolls of teleportation
 z - 2 scrolls of fog {unknown}
 B - 3 scrolls of fear
 H - 2 scrolls of blinking {unknown}
 I - 2 scrolls of enchant armour {unknown}
 W - a scroll of recharging {unknown}
 X - a scroll of amnesia {unknown}
 Y - 2 scrolls of enchant weapon {unknown}
Potions
 e - 2 potions of ambrosia
 k - 5 potions of curing
 n - 4 potions of resistance
 o - 3 potions of flight
 q - 5 potions of heal wounds
 s - 3 potions of agility
 w - a potion of cancellation
 N - a potion of lignification
 V - 2 potions of magic
Books
 F - a manual of Fighting
Comestibles
 d - 4 chunks of flesh
 f - 9 bread rations
 i - 4 meat rations
 j - 2 slices of pizza
 A - 10 beef jerkies


   Skills:
 + Level 12.6 Fighting
   Level 2.4 Maces & Flails
 - Level 13.0 Armour
 - Level 4.7 Dodging
 - Level 13.5(15.4) Shields


You had 10 spell levels left.
You didn't know any spells.

Dungeon Overview and Level Annotations

Branches:
Dungeon (12/15)            Temple (1/1) D:5            Lair (0/6) D:10
    Orc (0/2) D:12

Altars:
Ashenzari
Dithmenos
Elyvilon
Gozag
Kikubaaqudgha
Makhleb
Ru
Trog
Vehumet
The Shining One

Shops:
D:7 !   D:8 [


Innate Abilities, Weirdness & Mutations

You reflexively headbutt those who attack you in melee.
You have a pair of horns on your head.
You are surrounded by a mild repulsion field. (EV +2)
You are partially covered in rugged brown scales. (AC +1, +3% HP)
You are agile. (Dex +2)
Scrolls take you a little longer to read.
Your flesh is cold resistant. (rC+)
Armour fits poorly on your strangely shaped body.
You occasionally shout uncontrollably at your foes.
You evolve.
You expend magic power (3 MP) to strengthen your wands.


Message History

The meliai poisons you!
You feel sick.
The meliai calls down the wrath of its god upon you.
Something smites you!
You feel sick. You block the meliai's attack. The meliai closely misses you.
The meliai invokes the aid of its god against you.
Something smites you!
* * * LOW HITPOINT WARNING * * *
You hear a shout!
A kobold comes into view.
Ashenzari warns you: It is wielding a dagger of venom.
You feel sick.
The meliai invokes the aid of its god against you.
Something smites you!
* * * LOW HITPOINT WARNING * * *
You hear a shout! x2
You feel sick.
The meliai invokes the aid of its god against you.
Something smites you!
You die...

, * #{###)#.##
.######....... , yy#*
##...####'#..).........
,,#.8.*
#K8.........[......... , #..
#.)y#....(..(........) ##' *
###)#................. ,
,#+####..oKy....##'##.......
,#......)#......# , #.......
, #.......#.y....# ,
#....... #.......#.@....#,
,#....... ,
#.......#......#, ,#.......
,,, #########......#
,,#....... * *, , ,,
........#, #....... , ,,
........#, +....... ,,* ,,
.........#, #....... ,
,..........#, #....... ,, ,
...........#,, #....... ,, ,
**** , , #.......


You could see a big kobold, 3 meliai, an orc and a kobold.

Vanquished Creatures
  A minotaur (Lab)
  Pikel (D:8)
  The ghost of blejac99 the Slasher, a novice HESk of Ashenzari (D:6)
  A manticore (D:10)
  A deep elf mage (D:10)
  The ghost of Banto the Unseen, a novice FeEn of Dithmenos (D:10)
  Psyche (D:8)
  The ghost of Remedyn the Shield-Bearer, a novice FoFi (D:4)
  A kobold demonologist (D:10)
  A troll (D:8)
  A minotaur zombie (Lab)
  A hornet (D:7)
  A hippogriff (D:8)
  2 wyverns
  A hungry ghost (D:10)
  Grum (D:8)
  A water moccasin (D:6)
  4 slaves (D:8)
  A black bear (D:6)
  A hornet zombie (D:10)
  9 ogres
  9 orc warriors
  2 sky beasts
  2 ice beasts
  2 necrophages (D:10)
  6 centaurs
  3 wolves (D:8)
  24 big kobolds
  4 bullfrogs
  A water moccasin zombie (D:10)
  A scorpion (D:5)
  12 killer bees
  9 wights
  3 howler monkeys
  6 crimson imps
  2 bullfrog zombies (D:10)
  2 centaur zombies
  7 hounds
  3 jellies
  A quasit (D:8)
  A centaur skeleton (D:8)
  A bullfrog skeleton (D:10)
  5 orc priests
  5 iguanas
  4 worker ants
  9 orc wizards
  A hound skeleton (D:4)
  Robin (D:2)
  A howler monkey skeleton (D:10)
  15 gnolls
  15 adders
  2 shadow imps
  5 oozes
  An adder zombie (D:9)
  4 worms
  3 dart slugs
  8 leopard geckos
  52 orcs
  3 ball pythons
  3 giant cockroaches
  31 goblins
  21 hobgoblins
  17 jackals
  3 quokkas
  11 bats
  6 frilled lizards
  A jackal zombie (D:6)
  20 kobolds
  A leopard gecko zombie (D:5)
  A quokka skeleton (D:4)
  A quokka zombie (D:5)
  3 rats (D:3)
387 creatures vanquished.

Vanquished Creatures (others)
  An orc wizard (D:8)
  2 plants (D:8)
3 creatures vanquished.

Grand Total: 390 creatures vanquished

Notes
Turn   | Place    | Note
-------+----------+-------------------------------------------
     0 | D:1      | Gottschkopf the Minotaur Fighter began the quest for the Orb.
     0 | D:1      | Reached XP level 1. HP: 19/19 MP: 0/0
    28 | D:1      | Reached XP level 2. HP: 22/27 MP: 1/1
   270 | D:1      | Reached skill level 5 in Fighting
   354 | D:1      | Reached XP level 3. HP: 36/36 MP: 2/2
   841 | D:2      | Noticed Robin
   854 | D:2      | Killed Robin
   854 | D:2      | Reached XP level 4. HP: 25/44 MP: 3/3
  1600 | D:2      | Reached XP level 5. HP: 43/51 MP: 4/4
  1835 | D:3      | Found a shattered altar of Ashenzari.
  2192 | D:3      | Found a shadowy altar of Dithmenos.
  2602 | D:3      | Noticed an ogre
  2608 | D:3      | Killed an ogre
  2608 | D:3      | Reached XP level 6. HP: 55/61 MP: 5/5
  2622 | D:3      | Became a worshipper of Ashenzari the Shackled
  2656 | D:4      | Noticed Remedyn's ghost (novice FoFi)
  2684 | D:4      | Killed Remedyn's ghost
  2684 | D:4      | Reached XP level 7. HP: 9/71 MP: 6/6
  2690 | D:3      | Reached skill level 10 in Fighting
  3526 | D:4      | Found a radiant altar of Vehumet.
  3527 | D:4      | Found a burning altar of Makhleb.
  3616 | D:5      | Entered Level 5 of the Dungeon
  3982 | D:5      | Reached skill level 5 in Shields
  3982 | D:5      | Reached XP level 8. HP: 72/82 MP: 7/7
  4207 | D:5      | Found a staircase to the Ecumenical Temple.
  4228 | Temple   | Entered the Ecumenical Temple
  4281 | D:5      | Found a white marble altar of Elyvilon.
  4291 | D:5      | Reached * piety under Ashenzari
  4615 | D:6      | Noticed blejac99's ghost (novice HESk)
  4660 | D:6      | Killed blejac99's ghost
  5007 | D:6      | Found an ancient bone altar of Kikubaaqudgha.
  5094 | D:6      | Reached ** piety under Ashenzari
  5141 | D:6      | Reached skill level 10 in Shields
  5141 | D:6      | Reached XP level 9. HP: 86/89 MP: 8/8
  5757 | D:7      | Found a sacrificial altar of Ru.
  5988 | D:7      | Found Womah's Distillery.
  5996 | D:7      | Bought a potion of degeneration for 11 gold pieces
  5996 | D:7      | Bought a potion of curing for 33 gold pieces
  5996 | D:7      | Bought a potion of mutation for 27 gold pieces
  6160 | D:7      | Found a glowing golden altar of the Shining One.
  6907 | D:8      | Noticed Pikel
  6932 | D:8      | Killed Pikel
  7018 | D:8      | Reached *** piety under Ashenzari
  7070 | D:8      | Found Luodghaa's Armour Shoppe.
  7071 | D:8      | Noticed a troll
  7083 | D:8      | Killed a troll
  7093 | D:8      | Reached XP level 10. HP: 82/95 MP: 9/9
  7228 | D:8      | Reached skill level 5 in Armour
  7264 | D:8      | Noticed Grum
  7285 | D:8      | Killed Grum
  7585 | D:8      | Found a bloodstained altar of Trog.
  7598 | D:8      | Found an opulent altar of Gozag.
  7892 | D:8      | Noticed Psyche
  7904 | D:8      | Killed Psyche
  8230 | D:9      | Identified the ring "Reanur" {rElec Str+2}
  8449 | D:9      | Gained mutation: Armour fits poorly on your strangely shaped body. [mutagenic meat]
  8450 | D:9      | Gained mutation: You occasionally shout uncontrollably at your foes. [mutagenic meat]
  8451 | D:9      | Gained mutation: Scrolls take you a little longer to read. [mutagenic meat]
  8452 | D:9      | Gained mutation: You evolve. [mutagenic meat]
  9292 | D:10     | Entered Level 10 of the Dungeon
  9294 | D:10     | Noticed Banto's ghost (novice FeEn)
  9304 | D:10     | Reached skill level 10 in Armour
  9320 | D:10     | Killed Banto's ghost
  9523 | D:10     | Found a staircase to the Lair.
  9656 | D:10     | Reached XP level 11. HP: 96/102 MP: 10/10
 10106 | D:10     | Noticed a deep elf mage
 10112 | D:10     | Killed a deep elf mage
 10869 | D:10     | Reached skill level 1 in Dodging
 11013 | D:10     | Gained mutation: You expend magic power (3 MP) to strengthen your wands. [mutagenic meat]
 11015 | D:10     | Gained mutation: Your flesh is cold resistant. (rC+) [mutagenic meat]
 11016 | D:10     | Gained mutation: You are frail. (-10% HP) [mutagenic meat]
 11132 | D:11     | Found a labyrinth entrance.
 11141 | Lab      | Entered a labyrinth
 11206 | Lab      | Reached **** piety under Ashenzari
 11913 | Lab      | Noticed a minotaur
 11951 | Lab      | Killed a minotaur
 11956 | Lab      | Identified the ring of Hedonism {*Corrode +Blink rPois rC+ Stlth+}
 12000 | Lab      | Identified the cursed +2 long sword "Urchumaje" {flame, rElec rN+ Int+4 Stlth+} (You found it in a labyrinth)
 12561 | D:12     | Found a flagged portal.
 12570 | Bailey   | Entered a bailey
 12756 | Bailey   | Gained mutation: You are partially covered in rugged brown scales. (AC +1, +3% HP) [evolution]
 13080 | Bailey   | Noticed an orc knight
 13080 | Bailey   | Noticed an orc warlord
 13090 | Bailey   | HP: 3/97 [orc warlord/bardiche (36)]
 13194 | D:12     | Lost mutation: You are frail. (-10% HP) [potion of mutation]
 13194 | D:12     | Gained mutation: You are surrounded by a mild repulsion field. (EV +2) [potion of mutation]
 13194 | D:12     | Gained mutation: You are agile. (Dex +2) [potion of mutation]
 13503 | D:12     | Found a staircase to the Orcish Mines.
 13581 | D:12     | Killed from afar by a meliai

Skill      XL: |  1  2  3  4  5  6  7  8  9 10 11 |
---------------+----------------------------------+-----
Fighting       | 4 5 6 8 9 11 12 | 12.6
Shields        | 5 10 13 | 13.5
Armour         | 11 13 | 13.0
Dodging        | 4 |  4.7
Maces & Flails | |  2.4

Action                   |  1- 3 |  4- 6 |  7- 9 | 10-12 || total
-------------------------+-------+-------+-------+-------++-------
Melee: Flail             |    73 |   159 |    32 |       ||   264
       Headbutt          |    10 |    34 |   116 |   217 ||   377
       Short sword       |       |       |   512 |  1009 ||  1521
Invok: Curse Item        |       |     3 |     1 |     1 ||     5
       Scrying           |       |       |       |     2 ||     2
  Use: Scroll            |       |       |       |    11 ||    11
       Potion            |       |       |       |     2 ||     2
 Stab: Paralysed         |       |       |     1 |       ||     1
  Eat: Chunk             |       |     6 |    15 |    27 ||    48
       Royal jelly       |       |       |       |     1 ||     1
       Meat ration       |       |       |       |     1 ||     1
Armor: Scale mail        |    17 |       |       |       ||    17
       Plate armour      |    44 |    91 |   294 |   386 ||   815
Dodge: Dodged            |    14 |    32 |   106 |   262 ||   414
Block: Shield            |    41 |    68 |   327 |   769 ||  1205
